 Dungeon Crawl Stone Soup version 0.22-a0-605-g9281fa2 (webtiles) character file.

135 Gildeon the Grave Robber (level 4, 0/30 HPs)
             Began as a Mummy Necromancer on July 8, 2018.
             Slain by a worker ant (4 damage)
             ... on level 4 of the Dungeon.
             The game lasted 00:21:10 (2801 turns).

Gildeon the Grave Robber (Mummy Necromancer)        Turns: 2801, Time: 00:21:10

Health: 0/30       AC:  4    Str: 11    XL:     4   Next: 97%
Magic:  3/10       EV: 12    Int: 15    God:
Gold:   118        SH:  0    Dex: 12    Spells: 2/11 levels left

rFire    x . .     SeeInvis .   e - +0 dagger
rCold    + . .     Gourm    .   (no shield)
rNeg     + + +     Faith    .   a - +0 robe
rPois    ∞         Spirit   .   c - +0 helmet
rElec    .         Reflect  .   h - +0 cloak
rCorr    .         Harm     .   (no gloves)
MR       .....                  (no boots)
Stlth    ++........             (no amulet)
HPRegen  0.10/turn              (no ring)
MPRegen  0.12/turn              (no ring)

@: very slightly contaminated
A: no food or potions, fire vulnerability, cold resistance 1, negative energy
resistance 3, torment resistance, unbreathing
a: no special abilities


You were on level 4 of the Dungeon.
You were not hungry.

You visited 1 branch of the dungeon, and saw 4 of its levels.

You collected 118 gold pieces.

Inventory:

Hand Weapons
 e - a +0 dagger (weapon)
Armour
 a - a +0 robe (worn)
 c - a +0 helmet (worn)
 h - a +0 cloak (worn)
Wands
 g - a wand of random effects (26)
Scrolls
 b - 2 scrolls of remove curse
 d - 2 scrolls of amnesia
 f - 2 scrolls of fog
 i - a scroll of teleportation


   Skills:
 - Level 1.5 Dodging
 + Level 2.9 Stealth
 + Level 4.3 Spellcasting
 + Level 4.9 Necromancy


You had 2 spell levels left.
You knew the following spells:

 Your Spells              Type           Power        Failure   Level  Hunger
a - Pain                  Necr           ###.         2%          1    N/A
b - Animate Skeleton      Necr           N/A          2%          1    N/A
c - Vampiric Draining     Necr           ###.......   7%          3    N/A
d - Animate Dead          Necr           N/A          24%         4    N/A

Your spell library contained the following spells:

 Spells                   Type           Power        Failure   Level  Hunger
 Regeneration             Chrm/Necr      ##........   19%         3    N/A

Dungeon Overview and Level Annotations

Branches:
Dungeon (4/15)
 Temple: D:4-7

Altars:
Fedhas
Nemelex Xobeh
Trog


Innate Abilities, Weirdness & Mutations

You do not eat or drink.
Your flesh is vulnerable to fire.
You are immune to poison.
Your flesh is cold resistant. (rC+)
You are immune to negative energy. (rN+++)
You are immune to unholy pain and torment.
You can survive without breathing.


Message History

Confirm with . or Enter, or press ? or * to list all spells.
Aiming: Pain (safe; 2% risk of failure)
Press: ? - help, Shift-Dir - straight line, f/p - worker ant
Aim: a worker ant (chance to defeat MR: 82%)
The worker ant writhes in agony!
The worker ant bites you!
* * * LOW HITPOINT WARNING * * *
Casting: Pain (safe; 2% risk of failure)
Confirm with . or Enter, or press ? or * to list all spells.
Aiming: Pain (safe; 2% risk of failure)
Press: ? - help, Shift-Dir - straight line, f/p - worker ant
Aim: a worker ant (lightly wounded, chance to defeat MR: 82%)
The worker ant writhes in agony!
The worker ant closely misses you. The frilled lizard closely misses you.
Casting: Pain (safe; 2% risk of failure)
Confirm with . or Enter, or press ? or * to list all spells.
Aiming: Pain (safe; 2% risk of failure)
Press: ? - help, Shift-Dir - straight line, f/p - worker ant
Aim: a worker ant (moderately wounded, chance to defeat MR: 82%)
The worker ant barely resists.
The worker ant bites you.
You die...

###### ....#
## #a#.# ..#
#@#.#...##
#l#.......
#.<.......
#...........
##.##.#.....
#. .. ..>.
#. .## ...
.# .# .. #
.# .


You could see a worker ant and a frilled lizard.

Vanquished Creatures
  A crimson imp (D:3)
  An orc wizard (D:4)
  2 oozes (D:1)
  A worm (D:3)
  A ball python (D:3)
  6 bats
  2 giant cockroaches
  4 goblins
  6 hobgoblins
  12 jackals
  6 kobolds
  4 quokkas
  2 frilled lizards
  4 rats (D:1)
52 creatures vanquished.

Vanquished Creatures (collateral kills)
  An adder (D:2)
  A goblin (D:1)
  A kobold (D:2)
3 creatures vanquished.

Grand Total: 55 creatures vanquished

Notes
Turn   | Place    | Note
-------+----------+-------------------------------------------
     0 | D:1      | Gildeon the Mummy Necromancer began the quest for the Orb.
     0 | D:1      | Reached XP level 1. HP: 13/13 MP: 4/4
     2 | D:1      | Learned a level 1 spell: Animate Skeleton
   132 | D:1      | Reached XP level 2. HP: 17/19 MP: 3/6
   900 | D:2      | Reached XP level 3. HP: 24/24 MP: 5/7
   912 | D:2      | Learned a level 3 spell: Vampiric Draining
  1674 | D:3      | Found a bloodstained altar of Trog.
  1682 | D:3      | Found a blossoming altar of Fedhas.
  1687 | D:3      | Found a sparkling altar of Nemelex Xobeh.
  2026 | D:3      | Reached XP level 4. HP: 22/30 MP: 3/10
  2032 | D:3      | Learned a level 4 spell: Animate Dead
  2801 | D:4      | Slain by a worker ant

Vault maps used:
D:1:      shiori_shiawase
D:3:      minmay_overflow_temple_star_quad
D:4:      nicolae_overflow_hidden_temple, uniq_edmund

Skill      XL: |  1  2  3 |
---------------+----------+-----
Spellcasting   | 3 4 |  4.3
Stealth        | 2 |  2.9
Dodging        | |  1.5
Necromancy     | |  4.9

Action                   |  1- 3 |  4- 6 || total
-------------------------+-------+-------++-------
Melee: Unarmed           |     8 |       ||     8
       Dagger            |    73 |    14 ||    87
 Cast: Pain              |    75 |    30 ||   105
       Animate Skeleton  |    19 |     3 ||    22
Evoke: Wand              |       |     1 ||     1
  Use: Scroll            |     3 |     1 ||     4
 Stab: Sleeping          |     6 |       ||     6
Armor: Robe              |    20 |    10 ||    30
Dodge: Dodged            |    80 |    18 ||    98

Table legend:
 A = Spawn XP
 B = Non-spawn XP
 C = Spawn XP percentage of total XP
 D = Spawn monster count
 E = Non-spawn monster count
 F = Spawn count percentage of total count
 G = Total turns spent on level
                    A         B        C        D         E        F      G
               +---------+---------+-------+---------+---------+-------+---------
         Total |       0 |     194 |   0.0 |       0 |      55 |   0.0 |  2801
               +---------+---------+-------+---------+---------+-------+---------
           D:1 |       0 |      37 |   0.0 |       0 |      18 |   0.0 |   816
           D:2 |       0 |      40 |   0.0 |       0 |      18 |   0.0 |   842
           D:3 |       0 |      82 |   0.0 |       0 |      18 |   0.0 |  1126
           D:4 |       0 |      35 |   0.0 |       0 |       1 |   0.0 |    17
               +---------+---------+-------+---------+---------+-------+---------
